 Dungeon Crawl Stone Soup version 0.28-a0-258-g8de209e91f (webtiles) character file.

Game seed: 5666034344290325461

10235 theanonym the Grappler (level 11, -2/111 HPs)
             Began as a Troll Fighter on Aug 26, 2021.
             Slain by a titan skeleton (16 damage)
             ... on level 1 of the Abyss.
             The game lasted 00:10:44 (8207 turns).

theanonym the Grappler (Troll Fighter)              Turns: 8207, Time: 00:10:45

Health: -2/111     AC:  8    Str: 35    XL:     11   Next: 33%
Magic:  10/10      EV:  9    Int:  2    God:
Gold:   495        SH:  9    Dex:  9    Spells: 10/10 levels left

rFire   . . .      SeeInvis .     - Unarmed
rCold   . . .      Faith    .   b - +0 kite shield
rNeg    . . .      Spirit   .   u - +0 acid dragon scales
rPois   .          Reflect  .   (helmet restricted)
rElec   .          Harm     .   (no cloak)
rCorr   +          Rampage  .   (gloves unavailable)
Will    .....                   (boots unavailable)
Stlth   +.........              (no amulet)
HPRegen 1.28/turn               x - +6 ring of strength
MPRegen 0.12/turn               o - ring of flight

@: flying
A: large, unfitting armour, claws 3, regeneration 1, shaggy fur 1, tough skin 1,
dopey 1
a: no special abilities


Innate Abilities, Weirdness & Mutations

You are too large for most types of armour.
You have claws for hands.
Your natural rate of healing is unusually fast.
You are covered in fur. (AC +1)
You have tough skin. (AC +1)
You are dopey. (Int -2)


   Skills:
 + Level 8.0 Fighting
 - Level 2.4 Dodging
 + Level 8.0 Shields
 * Level 12.5 Unarmed Combat


You had 10 spell levels left.
You didn't know any spells.
Your spell library contained the following spells:

 Spells                   Type           Power      Damage    Failure   Level
 Foxfire                  Conj/Fire      0%         2x1d4     67%         1
 Magic Dart               Conj           0%         1d3       67%         1
 Sting                    Tmut/Pois      0%         1d3       67%         1
 Ensorcelled Hibernation  Hex/Ice        0%         N/A       82%         2
 Poisonous Vapours        Pois/Air       0%         N/A       82%         2
 Searing Ray              Conj           0%         3d3       82%         2
 Sublimation of Blood     Necr           0%         N/A       82%         2
 Conjure Flame            Conj/Fire      0%         6-21      96%         3
 Inner Flame              Hex/Fire       0%         N/A       96%         3
 Spider Form              Tmut/Pois      0%         N/A       96%         3
 Stone Arrow              Conj/Erth      0%         3d7       96%         3
 Fulminant Prism          Conj/Hex       0%         3d6       100%        4
 Olgreb's Toxic Radiance  Pois           0%         N/A       100%        4
 Petrify                  Tmut/Erth      0%         N/A       100%        4
 Bolt of Magma            Conj/Fire/Erth 0%         4d4       100%        5
 Irradiate                Conj/Tmut      0%         3d13      100%        5
 Shadow Creatures         Summ           N/A        N/A       100%        6
 Shatter                  Erth           0%         3d5*      100%        9

Skill      XL: |  1  2  3  4  5  6  7  8  9 10 11 |
---------------+----------------------------------+-----
Unarmed Combat | 3 4 6 8 10 12 | 12.5
Fighting       | 3 4 5 6 7 8 |  8.0
Shields        | 3 4 5 6 7 8 |  8.0
Dodging        | |  2.4

Action                   |  1- 3 |  4- 6 |  7- 9 | 10-12 || total
-------------------------+-------+-------+-------+-------++-------
Melee: Unarmed           |    72 |   131 |   256 |   292 ||   751
Evoke: Wand              |       |       |       |     7 ||     7
  Use: Potion            |       |     1 |       |       ||     1
       Scroll            |       |       |     1 |     9 ||    10
 Stab: Paralysed         |       |       |       |     5 ||     5
Armor: Robe              |    31 |    29 |    40 |       ||   100
       Acid dragon scale |       |       |    30 |   116 ||   146
Dodge: Dodged            |    24 |    32 |    80 |   139 ||   275
Block: Kite shield       |    24 |    37 |   108 |   180 ||   349

Inventory:

Missiles
 i - a throwing net (quivered)
Armour
 a - a +0 robe
 b - a +0 kite shield (worn)
 u - +0 acid dragon scales (worn)
Magical Staves
 y - a staff of death
Jewellery
 h - a ring of fire
 o - a ring of flight (right claw)
 x - a +6 ring of strength (left claw)
 C - a ring of resist corrosion
Wands
 d - a wand of digging (3)
 f - a wand of flame (8)
 j - a wand of charming (6)
 n - a wand of paralysis (10)
 p - a wand of iceblast (22)
 F - a wand of polymorph (17)
Scrolls
 g - a scroll of summoning {unknown}
 k - a scroll of fear
 r - a scroll of silence {unknown}
 t - 2 scrolls of teleportation
 v - 3 scrolls of enchant weapon {unknown}
 B - 3 scrolls of blinking
Potions
 c - a potion of magic {unknown}
 e - 4 potions of degeneration
 l - 3 potions of haste {unknown}
 m - 3 potions of might
 q - 4 potions of heal wounds
 s - 2 potions of flight {unknown}
 w - 4 potions of curing
 z - 2 potions of mutation
 A - a potion of attraction {unknown}
 D - a potion of cancellation {unknown}
 E - 2 potions of berserk rage
 G - a potion of ambrosia {unknown}
 H - a potion of invisibility {unknown}


You were on level 1 of the Abyss.
You visited 2 branches of the dungeon, and saw 11 of its levels.
You visited the Abyss 1 time.

You collected 621 gold pieces.
You spent 126 gold pieces at shops.

Dungeon Overview and Level Annotations

Branches:
Dungeon (10/15)            Temple (1/1) D:6            Lair (0/6) D:9
    Orc: D:9-12

Altars:
Ashenzari
Cheibriados
Dithmenos
Elyvilon
Fedhas
Gozag
Hepliaklqana
Kikubaaqudgha
Makhleb
Nemelex Xobeh
Okawaru
Qazlal
Ru
Sif Muna
Trog
Uskayaw
Vehumet
Wu Jian
Xom
Yredelemnul
Zin
The Shining One

Shops:
D:7 * D:10

* ## ### ## ..#
.### # # #.#..
#..#.#.###
######...###
#.......#
##..##.@# .
..#..#Z..#
##...#.#.#.#.ยง#
..#..#.## ..#.#
##.#....# ..# ..
# # ## . #.# .#
.# . #.


You could see a titan skeleton.

Notes
Turn   | Place    | Note
-------+----------+-------------------------------------------
     0 | D:1      | theanonym the Troll Fighter began the quest for the Orb.
     0 | D:1      | Reached XP level 1. HP: 22/22 MP: 0/0
   299 | D:1      | Found a faded altar of an unknown god.
   322 | D:1      | Reached XP level 2. HP: 29/29 MP: 1/1
  1047 | D:2      | Noticed Natasha
  1059 | D:2      | Killed Natasha
  1060 | D:2      | Reached skill level 3 in Unarmed Combat
  1060 | D:2      | Reached XP level 3. HP: 30/36 MP: 2/2
  1374 | D:2      | Noticed Terence
  1379 | D:2      | Killed Terence
  1380 | D:2      | Reached XP level 4. HP: 44/44 MP: 3/3
  1658 | D:3      | Reached skill level 3 in Fighting
  1658 | D:3      | Reached skill level 3 in Shields
  1835 | D:3      | Found a sacrificial altar of Ru.
  1900 | D:3      | Found a runed translucent gate.
  1912 | D:3      | Found a runed translucent gate.
  1912 | D:3      | Found a runed translucent gate.
  1912 | D:3      | Found an opulent altar of Gozag.
  1912 | D:3      | Noticed PeterLawrence's ghost (amateur MiFi)
  2206 | D:3      | Killed PeterLawrence's ghost
  2206 | D:3      | HP: 22/45 [orc/boomerang of dispersal (5)]
  2207 | D:3      | Reached skill level 4 in Unarmed Combat
  2207 | D:3      | Reached XP level 5. HP: 27/53 MP: 4/4
  2327 | D:4      | HP: 24/53 [orc (6)]
  2410 | D:4      | Reached XP level 6. HP: 61/61 MP: 5/5
  2453 | D:4      | Reached skill level 5 in Unarmed Combat
  2731 | D:4      | Noticed Pikel
  2738 | D:4      | Killed Pikel
  2739 | D:4      | Reached skill level 4 in Fighting
  2739 | D:4      | Reached skill level 4 in Shields
  2739 | D:4      | Reached skill level 6 in Unarmed Combat
  2739 | D:4      | Reached XP level 7. HP: 50/71 MP: 6/6
  2757 | D:4      | Found a glowing golden altar of the Shining One.
  3030 | D:5      | Entered Level 5 of the Dungeon
  3047 | D:5      | HP: 27/71 [orc priest/nerve-wracking pain (9)]
  3049 | D:5      | Reached XP level 8. HP: 31/79 MP: 7/7
  3053 | D:5      | HP: 27/79 [orc (7)]
  3104 | D:5      | Reached skill level 7 in Unarmed Combat
  3139 | D:5      | HP: 39/79 [orc warrior (19)]
  3145 | D:5      | HP: 35/79 [orc priest/divine providence (11)]
  3154 | D:6      | HP: 30/79 [something/ball of steam (2)]
  3160 | D:6      | HP: 22/79 [steam dragon (8)]
  3168 | D:6      | Noticed Maggie
  3169 | D:6      | HP: 22/79 [orc (2)]
  3281 | D:5      | Reached skill level 5 in Shields
  3289 | D:5      | Reached skill level 5 in Fighting
  3290 | D:5      | HP: 40/80 [orc (9)]
  3405 | D:5      | Found a shimmering altar of Xom.
  3405 | D:5      | Found an ancient bone altar of Kikubaaqudgha.
  3504 | D:5      | Reached skill level 8 in Unarmed Combat
  3898 | D:6      | HP: 37/80 [ice beast (9)]
  3903 | D:6      | HP: 21/81 [bullfrog (7)]
  3908 | D:6      | HP: 23/81 [bullfrog (2)]
  3915 | D:5      | Reached XP level 9. HP: 22/88 MP: 8/8
  4119 | D:6      | HP: 41/88 [Maggie (10)]
  4122 | D:6      | Killed Maggie
  4123 | D:6      | Reached skill level 9 in Unarmed Combat
  4332 | D:6      | Found a staircase to the Ecumenical Temple.
  4347 | Temple   | Entered the Ecumenical Temple
  4515 | D:6      | Reached skill level 6 in Shields
  4686 | D:7      | Reached skill level 6 in Fighting
  5034 | D:7      | Found a broken altar of Ashenzari.
  5056 | D:7      | Reached skill level 10 in Unarmed Combat
  5169 | D:7      | Found Bewiec's General Store.
  5369 | D:7      | Found a burning altar of Makhleb.
  5413 | D:7      | Noticed a manticore
  5422 | D:7      | HP: 45/91 [orc (2)]
  5423 | D:7      | Killed a manticore
  5424 | D:7      | Reached XP level 10. HP: 48/100 MP: 9/9
  5427 | D:7      | HP: 47/100 [orc (2)]
  5605 | D:8      | HP: 48/100 [yak (14)]
  5611 | D:8      | HP: 35/100 [yak (12)]
  5616 | D:8      | HP: 32/100 [yak (8)]
  6370 | D:8      | Found a hide-covered altar of Uskayaw.
  6501 | D:9      | Noticed Joseph
  6509 | D:9      | Killed Joseph
  6510 | D:9      | Reached skill level 11 in Unarmed Combat
  6549 | D:9      | Found a staircase to the Lair.
  6574 | D:9      | Found an iron altar of Okawaru.
  6581 | D:9      | Reached skill level 7 in Fighting
  6581 | D:9      | Reached skill level 7 in Shields
  6588 | D:9      | Noticed a two-headed ogre
  6607 | D:9      | Killed a two-headed ogre
  6872 | D:9      | Found a white marble altar of Elyvilon.
  6925 | D:9      | Noticed a rust devil
  6945 | D:9      | HP: 50/102 [red devil[a kobold demonologist] (25)]
  6951 | D:9      | HP: 10/102 [red devil[a kobold demonologist] (30)]
  6951 | D:9      | HP: 1/102 [red devil[a kobold demonologist] (9)]
  6954 | D:9      | Noticed a rust devil
  7098 | D:9      | Reached skill level 12 in Unarmed Combat
  7098 | D:9      | Reached XP level 11. HP: 102/109 MP: 10/10
  7579 | D:10     | Entered Level 10 of the Dungeon
  7598 | D:10     | Noticed a two-headed ogre
  7610 | D:10     | Killed a two-headed ogre
  7662 | D:10     | Found Ostriem's General Store.
  7670 | D:10     | Bought a scroll of teleportation for 42 gold pieces
  7670 | D:10     | Bought a potion of might for 56 gold pieces
  7670 | D:10     | Bought a scroll of identify for 28 gold pieces
  7817 | D:10     | HP: 52/111 [orc (5)]
  7822 | D:10     | HP: 46/111 [orc priest/nerve-wracking pain (13)]
  7921 | D:10     | Cast into level 1 of the Abyss (orc)
  7932 | Abyss:1  | Found a corrupted altar of Lugonu.
  7985 | Abyss:1  | Gained mutation: You are dopey. (Int -2) [a neqoxec]
  8006 | Abyss:1  | HP: 35/111 [large abomination (35)]
  8010 | Abyss:1  | Reached skill level 8 in Fighting
  8010 | Abyss:1  | Reached skill level 8 in Shields
  8204 | Abyss:1  | HP: 43/111 [titan skeleton (35)]
  8206 | Abyss:1  | HP: 13/111 [titan skeleton (33)]
  8207 | Abyss:1  | Slain by a titan skeleton

Vanquished Creatures
  2 two-headed ogres
  Pikel (D:4)
  A manticore (D:7)
  Joseph (D:9)
  Maggie (D:6)
  3 kobold demonologists (D:9)
  An ancient zyme (Abyss:1)
  A hornet (D:8)
  A ynoxinul (Abyss:1)
  5 yaks (D:8)
  A large abomination (Abyss:1)
  A neqoxec (Abyss:1)
  2 steam dragons
  An acid dragon (D:9)
  7 orc warriors
  4 ice beasts
  A sky beast (D:6)
  A black bear (D:5)
  The ghost of PeterLawrence the Shield-Bearer, an amateur MiFi (D:3)
  3 ogres
  A necrophage (D:7)
  2 centaurs
  3 kobold brigands
  3 bullfrogs
  2 scorpions
  A water moccasin zombie (D:5)
  9 killer bees
  4 wights (D:9)
  2 howler monkeys
  2 electric eels (D:9)
  2 bullfrog zombies (D:5)
  3 centaur zombies
  3 hounds
  2 jellies
  7 orc priests
  A gnoll shaman (D:9)
  A small abomination (Abyss:1)
  4 bullfrog skeletons
  Natasha (D:2)
  Terence (D:2)
  2 iguanas (D:4)
  11 orc wizards
  A scorpion zombie (D:5)
  A hound zombie (D:5)
  2 hound skeletons
  A howler monkey skeleton (D:6)
  7 adders
  13 gnolls
  A shadow imp (D:7)
  3 white imps
  An adder skeleton (D:4)
  A dart slug (D:3)
  39 orcs
  4 endoplasms
  5 giant cockroaches
  6 goblins
  2 hobgoblins
  2 jackals (D:2)
  4 quokkas
  7 ball pythons
  3 bats
  A frilled lizard (D:1)
  6 kobolds
  2 rats (D:1)
218 creatures vanquished.

Vanquished Creatures (others)
  An orc (D:6)
  A fungus (D:9)
  9 plants
11 creatures vanquished.

Grand Total: 229 creatures vanquished

Table legend: (Time is in decaauts)
 A = Elapsed time spent in this place.
 B = Non-inter-level travel time spent in this place.
 C = Inter-level travel time spent in this place.
 D = Time resting spent in this place.
 E = Time spent auto-exploring this place.
 F = Levels seen in this place.
 G = Mean time per level.
                   A        B        C        D        E       F      G
               +--------+--------+--------+--------+--------+-----+--------+
         Total |   8186 |   7877 |    309 |    852 |   5674 |  12 |  682.2 |
       Dungeon |   7853 |   7555 |    298 |    699 |   5583 |  10 |  785.3 |
        Temple |     54 |     43 |     11 |      0 |     43 |   1 |   54.0 |
         Abyss |    277 |    277 |      0 |    153 |     48 |   1 |  277.0 |
               +--------+--------+--------+--------+--------+-----+--------+

Top non-repeatable levels by time:
     D:9: 1138 daAuts
     D:5: 1016 daAuts
     D:8: 932 daAuts
     D:1: 918 daAuts
     D:7: 905 daAuts
     D:4: 808 daAuts
     D:3: 746 daAuts
     D:2: 616 daAuts
     D:6: 523 daAuts
 Abyss:1: 277 daAuts
    D:10: 246 daAuts
  Temple: 54 daAuts
